 Dungeon Crawl Stone Soup version 0.29-a0-222-g5b244fca1f (webtiles) character file.

Game seed: 14641247659386399415

39 dolemite99 the Slasher (level 3, -4/30 HPs)
             Began as a Djinni Cinder Acolyte on Feb 28, 2022.
             Was a High Priest of Ignis.
             Slain by an adder (5 damage)
             ... on level 2 of the Dungeon.
             The game lasted 00:02:02 (1914 turns).

dolemite99 the Slasher (Djinni Cinder Acolyte)      Turns: 1914, Time: 00:02:03

Health: -4/30      AC:  2    Str: 10 (13) XL:     3   Next: 70%
Gold:   99         EV: 11    Int: 21 (23) God:    Ignis [*****.] SH:  0 Dex:  7 (8)

rFire   + + +      SeeInvis .   a - -1 falchion (flame)
rCold   . . .      Faith    .   (no shield)
rNeg    . . .      Spirit   .   b - +0 robe
rPois   ∞          Reflect  .   (no helmet)
rElec   +          Harm     .   (no cloak)
rCorr   +          Rampage  .   (no gloves)
Will    .....                   (boots unavailable)
Stlth   +.........              (no amulet)
HPRegen 0.10/turn               d - ring of protection from fire
MPRegen 0.00/turn               e - +6 ring of intelligence

@: resistant, flying
A: sickness immunity, fire resistance 2, cold vulnerability 1, float, innate
caster, HP casting, extra vitality 1
a: Renounce Religion, Fiery Armour, Foxfire Swarm, Rising Flame


You were on level 2 of the Dungeon.
You worshipped Ignis.
Ignis was extremely pleased with you.
You visited 1 branch of the dungeon, and saw 2 of its levels.

You collected 99 gold pieces.

Inventory:

Hand Weapons
 a - a -1 falchion of flaming (weapon)
Missiles
 f - 51 stones
Armour
 b - a +0 robe (worn)
Jewellery
 d - a ring of protection from fire (left hand)
 e - a +6 ring of intelligence (right hand)
Wands
 i - a wand of paralysis (4)
Scrolls
 h - 2 scrolls of identify {unknown}
 k - a scroll of enchant armour {unknown}


   Skills:
 + Level 3.0 Fighting
 * Level 4.0 Long Blades
 - Level 2.4 Spellcasting


You had 3 spell levels left.
You knew the following spells:

 Your Spells              Type           Power      Damage    Failure   Level
a - Scorch                Fire           24%        2d6       8%          2
b - Pain                  Necr           48%        1d6       5%          1
Your spell library was empty.

Dungeon Overview and Level Annotations

Branches:
Dungeon (2/15)

Altars:


Innate Abilities, Weirdness & Mutations

You are immune to sickness and miasma.
You are immune to poison.
Your flesh is very heat resistant. (rF++)
You are vulnerable to cold. (rC-)
You float through the air rather than walking.
You learn spells naturally, not from books.
Your magical power is your life essence.
You have superior vitality. (+4 MHP)


Message History

Casting: Scorch (safe; 7% risk of failure)
Confirm with . or Enter, or press ? or * to list all spells.
Flames lash the ball python.
You kill the ball python!
The adder closely misses you. The adder barely misses you.
The kobold barely misses you.
Casting: Scorch (safe; 7% risk of failure)
Confirm with . or Enter, or press ? or * to list all spells.
Flames lash the adder.
The adder is heavily wounded.
The adder's fire resistance burns away.
The adder barely misses you. The adder bites you.
The kobold hits you with a +0 dagger. The adder bites you.
The kobold hits you but does no damage. The adder barely misses you.
The dart slug launches a dart at you. The slug dart hits you.
The adder is no longer more vulnerable to fire.
The dart slug launches a dart at you. The slug dart hits you.
The adder bites you.
* * * LOW HITPOINT WARNING * * *
Casting: Scorch (safe; 7% risk of failure)
Confirm with . or Enter, or press ? or * to list all spells.
Flames lash the kobold.
You kill the kobold!
* * * LOW HITPOINT WARNING * * *
The adder bites you.
* * * LOW HITPOINT WARNING * * *
The adder bites you.
* * * LOW HITPOINT WARNING * * *
The adder barely misses you.
It was a potion of degeneration.
There was something very wrong with that liquid.
You feel weakened.
You feel dopey.
You feel clumsy. The adder barely misses you.
It was a potion of cancellation.
You feel magically purged. The adder closely misses you.
It was a potion of resistance.
You feel protected. The adder closely misses you. The adder bites you.
You die...

. #........ #.........#
#.##......# ..........# .
#.#.......# ..##. #......# ##
.## . (.. #.....)### ..## ..#
.. #.##.......w#####... #.#
#.##..)...####S@.....#.##.#
#.........####.#####....#.##
####............# #.#....#
#......###.#.### #..#.#.##
##..)...........####.#...<##
##...........#.#....)..##...#
#................###...###..##
#................# ##..# ##..#
#..........##.....# #...# #..#


You could see an adder and a dart slug.

Vanquished Creatures
  A dart slug (D:1)
  2 bats (D:1)
  7 endoplasms
  2 giant cockroaches (D:1)
  2 goblins (D:1)
  2 hobgoblins (D:1)
  2 jackals (D:1)
  5 kobolds
  4 ball pythons
  2 frilled lizards (D:1)
  5 rats (D:1)
34 creatures vanquished.

Notes
Turn   | Place    | Note
-------+----------+-------------------------------------------
     0 | D:1      | dolemite99 the Djinni Cinder Acolyte began the quest for
                  | the Orb.
     0 | D:1      | Reached XP level 1. HP: 20/20 MP: 0/0
   135 | D:1      | Reached skill level 3 in Long Blades
   172 | D:1      | Reached XP level 2. HP: 14/25 MP: 0/0
   660 | D:1      | Reached XP level 3. HP: 28/30 MP: 0/0
   660 | D:1      | Learned a level 1 spell: Pain
  1897 | D:2      | Reached skill level 4 in Long Blades
  1909 | D:2      | HP: 1/30 [adder (2)]
  1914 | D:2      | Slain by an adder

Illustrated notes

Levels and vault maps discovered:
D:1:      zelgadis_glass_arrival_large, layout_rooms
D:2:      layout_rooms, grunt_ministairs_9

Skill      XL: |  1  2  3 |
---------------+----------+-----
Long Blades    | 3 4 |  4.0
Fighting       | |  3.0
Spellcasting   | |  2.4

Action                   || total
-------------------------++-------
Melee: Falchion          ||    31
 Cast: Scorch            ||    24
  Use: Potion            ||     3
Armor: Robe              ||    22
Dodge: Dodged            ||    59

Table legend: (Time is in decaauts)
 A = Elapsed time spent in this place.
 B = Non-inter-level travel time spent in this place.
 C = Inter-level travel time spent in this place.
 D = Time resting spent in this place.
 E = Time spent auto-exploring this place.
 F = Levels seen in this place.
 G = Mean time per level.
                   A        B        C        D        E       F      G
               +--------+--------+--------+--------+--------+-----+--------+
         Total |   1918 |   1751 |    167 |    960 |    444 |   2 |  959.0 |
       Dungeon |   1918 |   1751 |    167 |    960 |    444 |   2 |  959.0 |
               +--------+--------+--------+--------+--------+-----+--------+

Top non-repeatable levels by time:
     D:1: 1782 daAuts
     D:2: 135 daAuts
